 Dungeon Crawl Stone Soup version 0.31-a0-112-gdf0485fa37 (webtiles) character file.

Game seed: 10302698833408368368

1715405 PaperRat the Unforgettable (level 27, 187/187 HPs)
             Began as a Djinni Warper on May 28, 2023.
             Was the Champion of Hepliaklqana.
             Escaped with the Orb
             ... and 3 runes on May 30, 2023!
             The game lasted 05:38:33 (64582 turns).

PaperRat the Unforgettable (Djinni Warper)         Turns: 64582, Time: 05:38:34

Health: 187/187    AC: 16    Str:  7    XL:     27
Gold:   1099       EV: 32    Int: 33    God:    Hepliaklqana [******] SH:  9 Dex: 16

rFire   + + .        G - staff of conjuration "Jurygiz" {rPois rN+ rCorr Str-2}
rCold   + + .        S - +3 buckler
rNeg    + . .        t - +4 troll leather armour {Snorg}
rPois   ∞            Y - +2 helmet {SInv}
rElec   +            U - scarf {rC+ rF+}
rCorr   +            k - +2 pair of gloves
SInv    +            (boots unavailable)
Will    +++..        l - amulet "Raodiff" {rC+ Regen+ rCorr}
Stlth   ++           m - ring of the Hare {EV+10}
HPRegen 2.11/turn    V - ring "Cuplotig" {Ice rElec Will+ Int+4 Stlth+, =R}
MPRegen 0.00/turn

%: no passive effects
@: flying, studying 4 skills
A: reduced essence, sickness immunity, fire resistance 2, cold vulnerability 1,
float, innate caster, HP casting, extra vitality 1, claws 1, clever 1
0: Orb of Zot
}: 3/15 runes: serpentine, barnacled, slimy
a: Renounce Religion, Recall Ancestor, Ancestor Identity, Transference, Idealise


You escaped.
You worshipped Hepliaklqana.
Hepliaklqana was exalted by your worship.
You visited 11 branches of the dungeon, and saw 52 of its levels.
You also visited: Trove, Ice Cave and Desolation.

You collected 8581 gold pieces.
You spent 7482 gold pieces at shops.

Inventory:

Hand Weapons
 a - a +9 quick blade of electrocution
Missiles
 g - 11 throwing nets {!f}
 D - 8 boomerangs of dispersal
 F - 9 curare-tipped darts (quivered)
Armour
 k - a +2 pair of gloves (worn)
 t - a +4 troll leather armour (worn) {Snorg}
 S - a +3 buckler (worn)
 U - a scarf of resistance (worn)
 Y - a +2 helmet of see invisible (worn)
Magical Staves
 w - a staff of cold
 G - the staff of conjuration "Jurygiz" (weapon) {rPois rN+ rCorr Str-2}
   (You found it on level 5 of the Pits of Slime)

   [staff of conjuration]

   Base accuracy: +5 Base damage: 5 Base attack delay: 1.2 This weapon's minimum
   attack delay (0.6) is reached at skill level 12.
   Str:       It affects your strength (-2).
   rPois:     It protects you from poison.
   rN:        It protects you from negative energy.
   rCorr:     It protects you from acid and corrosion.
   It falls into the 'Staves' category.
   It is a one-handed weapon.
Jewellery
 l - the amulet "Raodiff" (around neck) {rC+ Regen+ rCorr}
   (You found it in a treasure trove)

   [amulet of regeneration]

   rC:        It protects you from cold.
   Regen:     It increases your rate of health regeneration.
   rCorr:     It protects you from acid and corrosion.
 m - the ring of the Hare (left hand) {EV+10}
   (You found it on level 3 of the Elven Halls)

   [ring of evasion]

   EV:        It affects your evasion (+10).
 q - the ring of Ureilad {Wiz rF+ rC+ Slay+5}
   (You found it in a treasure trove)

   [ring of wizardry]

   It improves your spell success rate.
   Slay:      It affects your accuracy & damage with ranged weapons and melee
   (+5).
   rF:        It protects you from fire.
   rC:        It protects you from cold.
 V - the ring "Cuplotig" (right hand) {Ice rElec Will+ Int+4 Stlth+, =R}
   (You found it in an ice cave)

   [ring of ice]

   It enhances your ice magic.
   Int:       It affects your intelligence (+4).
   rF:        It makes you vulnerable to fire.
   rC:        It protects you from cold.
   rElec:     It insulates you from electricity.
   Will:      It increases your willpower.
   Stlth:     It makes you more stealthy.
Wands
 b - a wand of iceblast (33)
 c - a wand of quicksilver (2)
 d - a wand of digging (16)
 n - a wand of charming (27)
 z - a wand of mindburst (51)
Scrolls
 i - 15 scrolls of teleportation {@r3}
 p - 9 scrolls of fear {@r4}
 r - a scroll of identify {@r1}
 J - 4 scrolls of blinking {@r5}
 L - 6 scrolls of vulnerability
 M - a scroll of butterflies
 O - 7 scrolls of fog {@r2}
 Q - 5 scrolls of poison
 W - 9 scrolls of enchant armour
 Z - 8 scrolls of immolation
Potions
 e - 14 potions of mutation {@q6}
 f - a potion of haste {@q4}
 j - 7 potions of lignification
 o - 5 potions of brilliance {@q5}
 u - 3 potions of resistance
 x - 9 potions of enlightenment
 y - 3 potions of heal wounds {@q2}
 A - 15 potions of curing {@q1}
 B - 3 potions of might {@q3}
 H - 2 potions of ambrosia
 I - 2 potions of berserk rage
 K - 3 potions of invisibility
 N - 2 potions of cancellation
Miscellaneous
 s - a tin of tremorstones (inert)
 v - a phial of floods
 P - a box of beasts (inert)
 R - a phantom mirror (inert)
 T - a lightning rod (4/4)


   Skills:
 + Level 20.8 Fighting
 - Level 14.0 Short Blades
 - Level 3.0 Throwing
 - Level 8.0 Armour
 + Level 20.0 Dodging
 + Level 9.0 Stealth
 - Level 8.0 Shields
 - Level 18.9 Spellcasting
 - Level 18.9 Conjurations
 - Level 18.9 Hexes
 - Level 18.9 Summonings
 - Level 18.9 Necromancy
 - Level 23.0 Translocations
 - Level 18.9 Transmutations
 - Level 18.9 Fire Magic
 - Level 18.9 Ice Magic
 - Level 18.9 Air Magic
 - Level 18.9 Earth Magic
 - Level 18.9 Poison Magic
 - Level 23.1 Invocations
 + Level 17.1 Evocations


You knew the following spells:

 Your Spells              Type           Power      Damage    Failure   Level
a - Lesser Beckoning      Tloc           100%       N/A       0%          2
b - Ozocubu's Refrigerat  Ice            62%        4d21      1%          7
c - Death Channel         Necr           51%        N/A       1%          6
d - Orb of Destruction    Conj           62%        9d15      1%          7
e - Statue Form           Tmut/Erth      68%        N/A       1%          6
f - Momentum Strike       Conj/Tloc      100%       3d10      0%          2
g - Teleport Other        Tloc           100%       N/A       0%          3
h - Kiss of Death         Conj/Necr      100%       2d13      0%          1
i - Maxwell's Capacitive  Air            51%        ∞         6%          8
j - Vhi's Electric Charg  Tloc/Air       100%       N/A       0%          3
k - Animate Dead          Necr           100%       N/A       0%          4
l - Shatter               Erth           51%        3d39*     67%         9
q - Ozocubu's Armour      Ice            100%       N/A       0%          3
r - Silence               Hex/Air        51%        N/A       1%          5
s - Starburst             Conj/Fire      62%        6d16      1%          6
t - Blink                 Tloc           100%       N/A       0%          2
w - Irradiate             Conj/Tmut      62%        3d32      1%          5
x - Manifold Assault      Tloc           100%       N/A       0%          4
Your spell library was empty.

Dungeon Overview and Level Annotations

Branches:
Dungeon (15/15)            Temple (1/1) D:5            Lair (5/5) D:10
 Shoals (4/4) Lair:3        Snake (4/4) Lair:2        Slime (5/5) Lair:5
    Orc (2/2) D:10            Elf (3/3) Orc:2        Vaults (4/5) D:14
  Crypt (0/3) Vaults:2     Depths (4/4) D:15            Zot (5/5) Depths:4
  IceCv (visited)         Desolation (visited)

Altars:
Ashenzari
Cheibriados
Dithmenos
Elyvilon
Fedhas
Gozag
Hepliaklqana
Makhleb
Nemelex Xobeh
Okawaru
Qazlal
Ru
Trog
Uskayaw
Wu Jian
Xom
Yredelemnul
Zin
The Shining One
Jiyva

Shops:
D:10 :   D:12 (   D:15 :   Orc:2 ::=   Elf:1 :*   Elf:2 (   Elf:3 ?
Snake:2 *![[   Snake:3 *   Snake:4 :?:   Vaults:2 :   Vaults:3 :   Vaults:4 :
Depths:4 !

Portals:
Hell: Depths:1 Depths:2 Depths:3 Depths:4
Abyss: Depths:2 Depths:3
Pandemonium: Depths:2
Ziggurat: Depths:4

Annotations:
D:8 4 transporters
Zot:5 1 exclusion


Innate Abilities, Weirdness & Mutations

Your life essence is reduced to manifest your ancestor. (-10% HP)
You are immune to sickness and miasma.
You are immune to poison.
Your flesh is very heat resistant. (rF++)
You are vulnerable to cold. (rC-)
You float through the air rather than walking.
You learn spells naturally, not from books.
Your magical power is your life essence.
You have superior vitality. (+4 MHP)
You have sharp fingernails.
Your mind is acute. (Int +4, Str/Dex -1)


Message History

The bolt of energy hits FishWizard!!!
The bolt of energy misses you.
FishWizard hits the cacodemon with a +0 lajatang of freezing.
FishWizard freezes the cacodemon.
Casting: Starburst (mildly dangerous; 1% risk of failure)
Confirm with . or Enter, or press ? or * to list all spells.
Casting: Starburst (mildly dangerous; 1% risk of failure)
Press: ? - help, Dir - look around, f - activate You feel a surge of power!
FishWizard avoids your attack.
The bolt of fire hits the cacodemon!!!
The cacodemon is almost dead.
You block the sixfirhy's attack. The sixfirhy closely misses you.
The cacodemon gestures at you.
The bolt of energy hits FishWizard!!
The bolt of energy hits you!!
FishWizard hits the cacodemon with a +0 lajatang of freezing!!!
FishWizard freezes the cacodemon.
The cacodemon dies!
Casting: Starburst (mildly dangerous; 1% risk of failure)
Confirm with . or Enter, or press ? or * to list all spells.
You feel a surge of power!
The heat is drained from your surroundings.
The sixfirhy is severely wounded.
The sixfirhy closely misses you. The sixfirhy completely misses you.
You block the sixfirhy's attack. The sixfirhy misses you.
FishWizard closely misses the sixfirhy.
Casting: Ozocubu's Refrigeration (mildly dangerous; 1% risk of failure)
Confirm with . or Enter, or press ? or * to list all spells.
You feel a surge of power!
The heat is drained from your surroundings.
You kill the sixfirhy!
(D) Dungeon (T) Temple (L) Lair (A) Shoals (P) Snake Pit (M) Slime Pits (O) Orcish Mines (E) Elven Halls (V) Vaults (C) Crypt (U) Depths (H) Hell (Z) Zot
Where to? (Enter - D:1 @ (x,y), ? - help)
You see here a +0 leather armour.
HP restored.
Things that are here:
a +0 dagger; a kobold skeleton
There is a staircase leading out of the dungeon here.
You have escaped!

##...##.#...###...
#..#####..### ##..
#...###..## ###
##...##..# ###.
#......## ##..#
#######'## ##.#..
#####...####'## ##.####
#.##.....####.###..# #
#.##..@R...##......# #
#.###...#.....#...##
#.# ########.######
#.#####################
#......................
####.####.#####...###..
##.####.......### #..
#..##...###.....# #..
#..#...+###.###'# ###


You could see the friendly FishWizard the battlemage.

Vanquished Creatures
  the Royal Jelly (Slime:5)
  A dread lich (Zot:5)
  3 ancient liches (Zot:5)
  5 orbs of fire
  Mennas (Depths:3)
  Parghit (Zot:3)
  4 Killer Klowns
  Vv (Zot:3)
  2 curse toes
  4 golden dragons
  Nikola (Vaults:1)
  A profane servitor (Zot:4)
  The ghost of Vorhees the Slayer, a veteran GrFi of Gozag (Elf:3)
  A Brimstone Fiend (Zot:3)
  3 electric golems
  Zenata (Elf:2)
  2 quicksilver dragons
  2 liches
  11 tentacled monstrosities
  A deep elf blademaster (Elf:3)
  12 Orb Guardians (Zot:5)
  A pandemonium lord (Zot:4)
  Asterion (Elf:1)
  The ghost of Wiath the Deadly Accurate, an adept DrBr of Ashenzari (Vaults:1)
  Gastronok (D:12)
  13 acid blobs
  Polyphemus (Shoals:2)
  4 death cobs
  An Executioner (Depths:2)
  2 sphinxes
  Kirke (D:12)
  Donald (Snake:1)
  12 storm dragons
  4 shadow dragons
  7 draconian monks
  A nagaraja (Snake:4)
  6 azure jellies
  A rockslime (shapeshifter) (Depths:2)
  5 fire giants
  8 rockslimes
  5 deep elf sorcerers (Elf:3)
  An emperor scorpion (shapeshifter) (Depths:2)
  A tengu reaver (Depths:3)
  3 imperial myrmidons (Desolation)
  12 vault wardens
  3 draconian scorchers
  3 frost giants
  An iron dragon (Depths:3)
  4 draconian knights
  4 draconian shifters
  A spriggan defender (Depths:3)
  6 draconian stormcallers
  A cacodemon (D:14)
  2 deep elf elementalists (Elf:3)
  6 ironbound preservers
  8 quicksilver oozes
  A quicksilver ooze (shapeshifter) (Depths:2)
  4 draconian annihilators
  6 stone giants
  3 formless jellyfish
  A reaper (Zot:3)
  5 war gargoyles
  12 very ugly things
  12 ironbound thunderhulks
  9 deep elf demonologists (Elf:3)
  7 black draconians
  3 deep elf annihilators (Elf:3)
  8 yellow draconians
  9 white draconians
  8 purple draconians
  A dire elephant (Vaults:1)
  12 green draconians
  A halazid warlock (Desolation)
  11 red draconians
  2 spark wasps (Depths:4)
  A green death (Zot:3)
  7 deep elf death magi
  2 blizzard demons (Depths:2)
  A crystal guardian (Desolation)
  7 fire dragons
  4 ettins
  2 deep elf high priests (Elf:3)
  6 merfolk javelineers
  2 entropy weavers
  8 ragged hierophants (Desolation)
  3 vault guards
  5 merfolk impalers
  6 yaktaur captains
  6 great orbs of eyes
  3 peacekeepers
  A rakshasa (Depths:3)
  2 salamander tyrants (Snake:4)
  2 ice dragons
  A juggernaut simulacrum (Depths:3)
  2 hydras
  7 ironbound frosthearts
  A catoblepas (D:8)
  2 boulder beetles
  3 merfolk aquamancers
  5 servants of whispers (Desolation)
  3 anacondas
  12 centaur warriors
  3 tengu warriors
  A two-headed ogre (D:13)
  3 death yaks
  A merfolk avatar (Shoals:2)
  7 naga warriors
  24 dancing weapons
  6 deep troll shamans
  2 satyrs
  A death yak (shapeshifter) (Depths:2)
  5 deep troll earth magi
  3 shock serpents
  2 hell knights (Depths:4)
  An orc high priest (Orc:2)
  6 naga sharpshooters
  12 deep elf knights
  A shock serpent (shapeshifter) (Depths:2)
  3 salamander mystics (Snake:4)
  4 skysharks
  An iron troll (Depths:3)
  2 sixfirhies
  4 glowing orange brains
  7 deep elf archers
  A flayed ghost (Depths:4)
  27 deep trolls
  12 sea snakes
  The ghost of Armakuni the Prestidigitator, a novice HuAr of Gozag (D:8)
  A naga ritualist (Snake:1)
  A kraken simulacrum (Shoals:4)
  An orc knight (D:14)
  3 wizards
  13 lindwurms
  27 deep elf zephyrmancers
  Pikel (D:3)
  9 ironbound convokers
  27 deep elf pyromancers
  2 orc sorcerers
  13 harpies
  3 necromancers
  3 obsidian statues (Depths:2)
  24 ugly things
  9 mana vipers
  2 shining eyes
  17 moths of wrath
  An iron dragon zombie (Depths:3)
  6 elephants (Lair:3)
  2 cyclopes
  15 fauns
  A salamander (shapeshifter) (D:15)
  11 salamanders
  2 wolf spiders (shapeshifter)
  5 merfolk sirens
  6 manticores
  5 water nymphs
  21 black mambas
  7 guardian serpents
  An iron dragon skeleton (Depths:3)
  A moth of wrath (shapeshifter) (Depths:2)
  12 vault sentinels
  A molten gargoyle (Desolation)
  8 naga magi
  4 orange demons
  4 unseen horrors
  An eye of devastation (Slime:4)
  6 cane toads
  A gargoyle (D:12)
  A hellion (Depths:3)
  2 komodo dragons
  A freezing wraith (Vaults:4)
  32 yaktaurs
  4 tengu conjurers
  2 efreet
  An ice devil (Zot:4)
  5 red devils
  15 merfolk
  4 trolls
  4 hornets
  4 polar bears
  42 saltlings
  4 blink frogs
  7 wind drakes
  Grinder (D:5)
  3 dream sheep
  A snapping turtle (Shoals:2)
  52 slime creatures
  13 water elementals
  7 spriggans (Lair:5)
  6 air elementals
  18 yaks
  2 shadows (D:11)
  2 basilisks
  A wyvern (shapeshifter) (Depths:3)
  2 wraiths
  7 fire elementals
  14 golden eyes
  A redback (Vaults:1)
  2 redbacks (shapeshifter)
  A swamp worm (Lair:4)
  6 vampire mosquitoes
  A chaos spawn (Zot:4)
  A neqoxec (Zot:2)
  22 nagas
  4 water moccasins
  An acid dragon (D:12)
  2 large abominations (Depths:2)
  A floating eye (Slime:2)
  A great orb of eyes simulacrum (IceCv)
  2 ice beasts
  17 orc warriors
  2 black bears (Lair:5)
  14 wolves
  4 boggarts
  An ogre (Orc:2)
  A slime creature simulacrum (IceCv)
  7 centaurs
  3 phantoms
  2 earth elementals
  7 bullfrogs
  2 glowing shapeshifter simulacra (IceCv)
  2 scorpions
  2 wights
  Dowan (D:5)
  4 killer bees (D:11)
  8 electric eels
  2 jellies
  18 orc priests
  A hound (D:7)
  An iguana (D:5)
  Natasha (thrice) (D:3)
  17 orc wizards
  A sleepcap (D:5)
  Ijyb (D:3)
  4 hell rats
  A shapeshifter simulacrum (IceCv)
  8 gnolls
  5 adders
  4 river rats (Lair:1)
  A white imp (D:6)
  5 worms
  5 dart slugs
  43 orcs
  2 ball pythons
  10 bats
  10 endoplasms
  2 giant cockroaches (D:2)
  9 goblins
  4 hobgoblins (D:1)
  4 jackals (D:3)
  8 quokkas
  5 frilled lizards
  8 kobolds
  12 rats
  A ball lightning (Depths:2)
1401 creatures vanquished.

Vanquished Creatures (collateral kills)
  An orb of fire (Zot:5)
  Vashnia (Snake:3)
  2 golden dragons
  An iron giant (shapeshifter) (Depths:2)
  Mlioglotl (Shoals:3)
  A walking crystal tome (Depths:4)
  A deep elf blademaster (Elf:2)
  13 Orb Guardians
  A walking frostbound tome (Depths:3)
  3 tentacled monstrosities
  A titan (Vaults:3)
  2 quicksilver dragons (Zot:1)
  A quicksilver dragon (shapeshifter) (Depths:2)
  A walking divine tome (Depths:3)
  9 acid blobs
  An Executioner (Zot:5)
  2 death cobs (Zot:2)
  6 nagarajas (Snake:4)
  A draconian monk (Zot:4)
  2 shadow dragons
  Roxanne (Snake:3)
  2 rockslimes
  5 draconian knights
  2 azure jellies
  A draconian scorcher (Zot:2)
  7 frost giants
  2 draconian shifters (Zot:2)
  4 vault wardens
  Aizul (Snake:1)
  A ghost moth (Zot:3)
  An orc warlord (Orc:2)
  3 draconian stormcallers
  3 deep elf elementalists (Elf:3)
  2 stone giants
  2 ironbound thunderhulks
  A quicksilver ooze (IceCv)
  A cacodemon (D:1)
  8 very ugly things
  A vampire knight (Depths:4)
  12 ironbound preservers
  5 formless jellyfish
  6 war gargoyles
  7 deep elf annihilators
  8 green draconians
  7 white draconians
  3 red draconians (Zot:2)
  A deep elf demonologist (Elf:3)
  7 black draconians
  A spark wasp (Depths:4)
  2 yellow draconians (Zot:2)
  A purple draconian (Zot:2)
  A halazid warlock (Desolation)
  6 dire elephants
  A crystal guardian (Vaults:1)
  3 merfolk javelineers
  Josephine (D:12)
  3 deep elf death magi (Elf:3)
  3 ragged hierophants
  2 yaktaur captains
  3 deep elf high priests
  2 fire dragons
  2 servants of whispers (Desolation)
  6 merfolk impalers
  6 vault guards
  4 great orbs of eyes
  2 ice dragons
  4 hydras
  2 merfolk aquamancers
  6 ironbound frosthearts
  A spriggan air mage (Depths:2)
  2 catoblepae
  2 peacekeepers (Desolation)
  A merfolk avatar (Shoals:3)
  5 anacondas
  3 boulder beetles
  An alligator snapping turtle (Shoals:3)
  17 dancing weapons
  7 centaur warriors
  4 two-headed ogres
  7 naga warriors
  3 satyrs (Shoals:4)
  2 deep troll earth magi
  A deep troll shaman (Depths:3)
  2 tengu warriors (Depths:1)
  2 shock serpents
  A hell knight (Depths:4)
  2 spriggan berserkers (Depths:2)
  6 naga sharpshooters
  An orc high priest (Elf:3)
  5 death yaks
  3 deep elf knights
  A soul eater (Zot:2)
  An iron troll (Depths:1)
  A salamander mystic (Snake:4)
  A death drake (shapeshifter) (Vaults:2)
  An anaconda zombie (Snake:4)
  A glowing orange brain (Depths:2)
  A naga ritualist (Snake:3)
  2 skysharks
  2 deep trolls
  An obsidian statue (Depths:2)
  16 sea snakes
  A deep elf archer (Elf:3)
  2 lindwurms
  9 harpies
  10 deep elf pyromancers
  11 deep elf zephyrmancers
  4 fauns
  2 mana vipers
  12 ugly things
  A cyclops (D:12)
  10 manticores
  3 moths of wrath
  3 orc sorcerers (Orc:2)
  5 salamanders
  A salamander (shapeshifter) (Depths:2)
  7 elephants
  A merfolk siren (Shoals:1)
  30 slime creatures
  A shining eye (Slime:5)
  3 guardian serpents
  A vault sentinel (Vaults:1)
  An orange demon (D:14)
  8 naga magi
  7 black mambas
  An ice statue (IceCv)
  2 unseen horrors (Depths:1)
  A torpor snail (D:10)
  11 cane toads
  A demonic crawler (Lair:4)
  A rime drake (Lair:4)
  7 komodo dragons
  A freezing wraith (Vaults:3)
  4 yaktaurs
  2 tengu conjurers (D:13)
  15 merfolk
  5 polar bears
  A wind drake (shapeshifter) (Depths:2)
  11 saltlings
  3 wind drakes
  6 hornets
  Prince Ribbit (D:6)
  4 blink frogs
  3 dream sheep
  7 snapping turtles
  5 spriggans (Lair:5)
  2 air elementals
  5 wraiths
  26 yaks
  11 water elementals
  A basilisk (Lair:5)
  A golden eye (Slime:3)
  4 hogs (D:12)
  2 wyverns
  8 fire elementals
  2 humans (D:14)
  A steam dragon (Lair:4)
  4 vampire mosquitoes
  Menkaure (D:6)
  11 nagas
  An acid dragon (D:10)
  2 wargs
  A glowing shapeshifter zombie (Depths:3)
  3 swamp worms (Lair:4)
  Duvessa (D:5)
  8 water moccasins
  2 black bears
  7 orc warriors
  2 ice beasts
  5 ogres
  2 great orb of eyes simulacra (IceCv)
  6 centaurs
  24 wolves
  A slime creature simulacrum (IceCv)
  2 kobold brigands
  14 bullfrogs
  2 gnoll sergeants
  Blork the orc (D:4)
  7 earth elementals (Depths:2)
  A glowing shapeshifter simulacrum (IceCv)
  10 wights
  A killer bee (D:11)
  An electric eel (D:14)
  2 jellies
  Crazy Yiuf (D:5)
  A gnoll bouda (D:8)
  7 orc priests
  5 hell rats (Lair:1)
  24 orc wizards
  2 shapeshifter simulacra (IceCv)
  4 gnolls
  2 adders (D:6)
  11 river rats (Lair:1)
  A shadow imp (D:6)
  A white imp (D:5)
  An ufetubus (D:5)
  A dart slug (D:5)
  25 orcs
  2 endoplasms (D:4)
  A quokka (Lair:1)
  2 kobolds
  2 rats (Lair:1)
  A ball lightning (Depths:2)
826 creatures vanquished.

Vanquished Creatures (others)
  A deep elf sorcerer (Elf:3)
  A hell knight (Depths:4)
  An anaconda zombie (Snake:1)
  2 ugly thing zombies (D:14)
  A human zombie (D:12)
  An ugly thing (Depths:2)
  2 centaur zombies
  A black mamba (Snake:3)
  A shock serpent zombie (Snake:4)
  2 death yak zombies (Lair:4)
  A sea snake zombie (Shoals:2)
  An efreet (D:14)
  2 hydra zombies (Lair:5)
  A mana viper zombie (Snake:1)
  2 guardian serpent zombies
  4 merfolk zombies
  3 black mamba zombies
  A wind drake zombie (Shoals:4)
  2 slime creature zombies
  A human (D:12)
  A vampire mosquito (D:12)
  A naga (Snake:4)
  3 cane toad zombies
  3 faun zombies (Shoals:1)
  5 elephant zombies
  A snapping turtle zombie (Shoals:4)
  2 elf zombies (D:12)
  4 hog zombies (D:12)
  A komodo dragon zombie (D:12)
  2 wyvern zombies
  A small abomination (Depths:3)
  3 water moccasin zombies
  A warg zombie (Orc:2)
  3 polar bear zombies
  A troll zombie (D:14)
  6 naga zombies
  9 yak zombies
  9 wolf zombies
  A black bear zombie (Lair:4)
  2 bullfrog zombies
  42 battlemagi
  4 gnoll zombies
  15 orc zombies
  6 ball lightnings (Depths:2)
  4 tentacles (Shoals:4)
161 creatures vanquished.

Grand Total: 2388 creatures vanquished

Notes
Turn   | Place    | Note
-------+----------+-------------------------------------------
     0 | D:1      | PaperRat the Djinni Warper began the quest for the Orb.
     0 | D:1      | PaperRat set off with the following spells memorised:
                  | Blink, Lesser Beckoning, Vhi's Electric Charge, Teleport
                  | Other, Manifold Assault.
     0 | D:1      | Reached XP level 1. HP: 18/18 MP: 0/0
   292 | D:1      | Reached skill level 1 in Stealth
   352 | D:1      | Reached XP level 2. HP: 17/23 MP: 0/0
   934 | D:1      | Reached XP level 3. HP: 28/28 MP: 0/0
   934 | D:1      | Learned a level 1 spell: Kiss of Death
  1133 | D:1      | Found a faded altar of an unknown god.
  1491 | D:2      | Reached XP level 4. HP: 23/30 MP: 0/0
  2072 | D:3      | Noticed Ijyb
  2317 | D:3      | Found a hazy altar of Hepliaklqana.
  2322 | D:3      | Became a worshipper of Hepliaklqana the Forgotten
  2501 | D:3      | Reached XP level 5. HP: 32/32 MP: 0/0
  2501 | D:3      | Learned a level 2 spell: Momentum Strike
  2548 | D:3      | Noticed Natasha
  2560 | D:3      | Killed Natasha
  2867 | D:3      | Noticed Natasha
  2905 | D:3      | Killed Natasha
  2975 | D:3      | Noticed Natasha
  2987 | D:3      | Killed Natasha
  3296 | D:4      | Reached XP level 6. HP: 30/43 MP: 0/0
  3354 | D:4      | Noticed Pikel
  3386 | D:3      | Killed Pikel
  3387 | D:3      | Reached skill level 5 in Fighting
  3387 | D:3      | Reached XP level 7. HP: 52/55 MP: 0/0
  3387 | D:3      | Learned a level 3 spell: Ozocubu's Armour
  3719 | D:4      | Reached * piety under Hepliaklqana
  4016 | D:4      | Noticed Blork the orc
  4025 | D:4      | Killed Blork the orc
  4026 | D:4      | Reached XP level 8. HP: 54/54 MP: 0/0
  4287 | D:5      | Entered Level 5 of the Dungeon
  4369 | D:5      | Found a staircase to the Ecumenical Temple.
  4376 | Temple   | Entered the Ecumenical Temple
  4626 | D:5      | Noticed Grinder
  4635 | D:5      | Paralysed by Grinder for 2 turns
  4645 | D:5      | Killed Grinder
  4677 | D:5      | Found a runed translucent door.
  4679 | D:5      | Noticed Crazy Yiuf
  4688 | D:5      | Killed Crazy Yiuf
  4837 | D:5      | Reached skill level 5 in Spellcasting
  4837 | D:5      | Reached skill level 5 in Conjurations
  4837 | D:5      | Reached skill level 5 in Hexes
  4837 | D:5      | Reached skill level 5 in Summonings
  4837 | D:5      | Reached skill level 5 in Necromancy
  4837 | D:5      | Reached skill level 5 in Translocations
  4837 | D:5      | Reached skill level 5 in Transmutations
  4837 | D:5      | Reached skill level 5 in Fire Magic
  4837 | D:5      | Reached skill level 5 in Ice Magic
  4837 | D:5      | Reached skill level 5 in Air Magic
  4837 | D:5      | Reached skill level 5 in Earth Magic
  4837 | D:5      | Reached skill level 5 in Poison Magic
  4837 | D:5      | Reached XP level 9. HP: 47/61 MP: 0/0
  4837 | D:5      | Learned a level 4 spell: Animate Dead
  4889 | D:5      | Noticed Duvessa
  4889 | D:5      | Noticed Dowan
  4903 | D:5      | Killed Duvessa
  4940 | D:5      | Killed Dowan
  5044 | D:5      | Reached ** piety under Hepliaklqana
  5045 | D:5      | Remembered your ancestor FishWizard as a battlemage
  5314 | D:3      | Killed Ijyb
  5430 | D:6      | Found an iron altar of Okawaru.
  5443 | D:6      | Noticed Menkaure
  5451 | D:6      | Killed Menkaure
  5452 | D:6      | Reached skill level 1 in Evocations
  5557 | D:6      | Noticed Prince Ribbit
  5564 | D:6      | Killed Prince Ribbit
  5778 | D:6      | Found a blossoming altar of Fedhas.
  5780 | D:6      | Found a stormy altar of Qazlal.
  5922 | D:6      | Found a snail-covered altar of Cheibriados.
  6679 | D:7      | Reached *** piety under Hepliaklqana
  6990 | D:8      | Noticed a catoblepas
  6999 | D:7      | Reached XP level 10. HP: 43/70 MP: 0/0
  7182 | D:8      | Noticed a two-headed ogre
  7187 | D:8      | Found a runed translucent gate.
  7187 | D:8      | Found a runed translucent gate.
  7187 | D:8      | Found a runed translucent gate.
  7187 | D:8      | Noticed Armakuni's ghost (novice HuAr)
  7222 | D:8      | Reached skill level 10 in Fighting
  7585 | D:8      | Found a transporter.
  7593 | D:8      | Found a transporter.
  7597 | D:8      | Found a transporter.
  7618 | D:8      | Found a transporter.
  8412 | D:9      | Noticed a purple ugly thing
  8418 | D:9      | Killed a purple ugly thing
  8446 | D:9      | Reached **** piety under Hepliaklqana
  8459 | D:9      | Found an opulent altar of Gozag.
  8675 | D:9      | Reached skill level 1 in Invocations
  8676 | D:9      | Reached XP level 11. HP: 54/76 MP: 0/0
  8676 | D:9      | Learned a level 5 spell: Silence
  9133 | D:10     | Entered Level 10 of the Dungeon
  9142 | D:10     | Found a staircase to the Orcish Mines.
  9335 | D:10     | Found Diuttoan's Book Shop.
  9385 | D:10     | Found a staircase to the Lair.
  9435 | D:10     | Reached skill level 5 in Invocations
  9988 | D:10     | Noticed a two-headed ogre
  9999 | D:10     | Killed a two-headed ogre
 10104 | D:10     | Identified the +2 robe "Bomiptao" {+Inv}
 10272 | Lair:1   | Entered Level 1 of the Lair of Beasts
 10321 | Lair:1   | Reached skill level 5 in Dodging
 10610 | Lair:1   | Reached skill level 5 in Evocations
 11005 | Lair:1   | Reached XP level 12. HP: 50/82 MP: 0/0
 11223 | Lair:1   | Noticed a death yak
 11265 | D:10     | Killed a death yak
 12642 | Lair:2   | Noticed a skyshark
 12726 | Lair:2   | Noticed a catoblepas
 12737 | Lair:2   | Killed a catoblepas
 12815 | Lair:2   | Identified the +0 robe of Recklessness {Str+5 Dex+3}
 12837 | Lair:2   | Found a staircase to the Snake Pit.
 12936 | Lair:2   | Killed a skyshark
 13065 | Lair:2   | Reached ***** piety under Hepliaklqana
 13214 | Lair:2   | You are sucked into a shaft and drop 2 floors!
 13311 | Lair:4   | Noticed a death yak
 13312 | Lair:4   | Noticed a death yak
 13314 | Lair:4   | Noticed a death yak
 13316 | Lair:4   | Killed a death yak
 13318 | Lair:4   | Killed a death yak
 13319 | Lair:4   | Reached XP level 13. HP: 64/90 MP: 0/0
 13319 | Lair:4   | Learned a level 5 spell: Irradiate
 13471 | Lair:4   | Noticed a seven-headed hydra
 13484 | Lair:4   | Killed a seven-headed hydra
 13863 | Lair:4   | Identified the +1 plate armour "Wyol" {Regen+}
 14799 | Lair:4   | Identified the +3 war axe "Giam" {drain, rElec rC+ SInv}
 15365 | Lair:3   | Noticed Snorg
 15367 | Lair:3   | Snorg changed into Snorg the wind drake
 15367 | Lair:3   | Noticed Snorg
 15369 | Lair:3   | Killed Snorg the wind drake
 15462 | Lair:3   | Reached XP level 14. HP: 81/96 MP: 0/0
 15739 | Lair:3   | Found a staircase to the Shoals.
 15907 | Lair:3   | Identified the +6 long sword of Misery {freeze, rC+ Dex+2}
 15935 | Lair:3   | Reached skill level 10 in Spellcasting
 15935 | Lair:3   | Reached skill level 10 in Conjurations
 15935 | Lair:3   | Reached skill level 10 in Hexes
 15935 | Lair:3   | Reached skill level 10 in Summonings
 15935 | Lair:3   | Reached skill level 10 in Necromancy
 15935 | Lair:3   | Reached skill level 10 in Translocations
 15935 | Lair:3   | Reached skill level 10 in Transmutations
 15935 | Lair:3   | Reached skill level 10 in Fire Magic
 15935 | Lair:3   | Reached skill level 10 in Ice Magic
 15935 | Lair:3   | Reached skill level 10 in Air Magic
 15935 | Lair:3   | Reached skill level 10 in Earth Magic
 15935 | Lair:3   | Reached skill level 10 in Poison Magic
 15989 | Lair:3   | Noticed Urug
 15990 | Lair:3   | Urug changed into Urug the wind drake
 15990 | Lair:3   | Noticed Urug
 15996 | Lair:3   | Killed Urug the wind drake
 16079 | Lair:3   | Reached skill level 5 in Short Blades
 16927 | Lair:5   | Entered Level 5 of the Lair of Beasts
 17037 | Lair:5   | Found a staircase to the Slime Pits.
 17038 | Lair:5   | Found a viscous altar of Jiyva.
 17740 | Lair:5   | Reached skill level 1 in Shields
 18467 | D:8      | Killed Armakuni's ghost
 18468 | D:8      | Reached XP level 15. HP: 72/101 MP: 0/0
 18468 | D:8      | Learned a level 6 spell: Death Channel
 18540 | Orc:1    | Entered Level 1 of the Orcish Mines
 18853 | Orc:2    | Entered Level 2 of the Orcish Mines
 19044 | Orc:2    | Found a staircase to the Elven Halls.
 19049 | Orc:2    | Noticed an orc warlord
 19067 | Orc:2    | Killed an orc warlord
 19247 | Orc:2    | Paralysed by an orc sorcerer for 4 turns
 19547 | Orc:2    | Found Ivunuuw's Book Boutique.
 19547 | Orc:2    | Found Masouwn's Magic Scroll Shop.
 19551 | Orc:2    | Found Azxorepp's Jewellery Boutique.
 19551 | Orc:2    | Found Mafej's Book Shop.
 19559 | Orc:2    | Reached skill level 10 in Dodging
 19907 | Orc:2    | Bought a scroll of identify for 26 gold pieces
 19907 | Orc:2    | Bought a scroll of enchant armour for 97 gold pieces
 19907 | Orc:2    | Bought a scroll of identify for 26 gold pieces
 19907 | Orc:2    | Bought a scroll of blinking for 97 gold pieces
 19907 | Orc:2    | Bought 2 scrolls of enchant armour for 195 gold pieces
 19907 | Orc:2    | Bought a scroll of enchant armour for 97 gold pieces
 19907 | Orc:2    | Bought a scroll of magic mapping for 97 gold pieces
 19907 | Orc:2    | Bought a scroll of teleportation for 39 gold pieces
 19916 | Orc:2    | Bought a ring of see invisible for 240 gold pieces
 21383 | D:12     | Noticed Josephine
 21383 | D:12     | Found Juuryroz's Weapon Boutique.
 21524 | D:12     | Found a frozen archway.
 21538 | IceCv    | Entered an ice cave
 21698 | IceCv    | Reached skill level 10 in Invocations
 21698 | IceCv    | Reached skill level 10 in Evocations
 21745 | IceCv    | Noticed a quicksilver ooze
 21754 | IceCv    | Killed a quicksilver ooze
 21779 | IceCv    | Noticed a quicksilver ooze
 21785 | IceCv    | Killed a quicksilver ooze
 21863 | IceCv    | Found a viscous altar of Jiyva.
 21863 | IceCv    | Noticed an azure jelly
 21868 | IceCv    | Killed an azure jelly
 21930 | IceCv    | Got the ring "Cuplotig" {Ice rElec Will+ Int+4 Stlth+}
 21939 | IceCv    | Identified a scroll of acquirement
 22089 | D:12     | Acquired 927 gold pieces
 22101 | D:12     | Noticed Kirke
 22118 | D:12     | Killed Kirke
 22119 | D:12     | Reached skill level 5 in Shields
 22153 | D:12     | Noticed Gastronok
 22179 | D:12     | Your ally Kirke died
 22183 | D:12     | Killed Gastronok
 22325 | D:12     | Killed Josephine
 22416 | D:12     | Reached XP level 16. HP: 103/109 MP: 0/0
 22618 | D:12     | Identified the +0 robe "Wozomu" {Rampage rN+ Str-5}
 23139 | D:13     | Found a shimmering altar of Xom.
 24623 | D:14     | Found a gate to the Vaults.
 24957 | D:15     | Entered Level 15 of the Dungeon
 25182 | D:15     | Found Kuanomp's Book Emporium.
 25385 | D:15     | Found a broken altar of Ashenzari.
 25540 | D:15     | Found a staircase to the Depths.
 25934 | Snake:1  | Entered Level 1 of the Snake Pit
 26026 | Snake:1  | Reached XP level 17. HP: 103/117 MP: 0/0
 26026 | Snake:1  | Learned a level 6 spell: Starburst
 26410 | Snake:1  | Reached skill level 15 in Fighting
 26874 | Snake:1  | Noticed Aizul
 26882 | Snake:1  | Noticed Donald
 26885 | Snake:1  | Killed Aizul
 26893 | Snake:1  | Killed Donald
 27476 | Snake:2  | Reached skill level 10 in Short Blades
 27683 | Snake:2  | Found Haome's Armour Shoppe.
 27687 | Snake:2  | Found Enkyir's Antique Armour Shoppe.
 27687 | Snake:2  | Found Luros's General Store.
 27690 | Snake:2  | Found Geawne's Distillery.
 27706 | Snake:2  | Bought a scroll of enchant weapon for 135 gold pieces
 27706 | Snake:2  | Bought a tin of tremorstones (2/2) for 720 gold pieces
 27706 | Snake:2  | Bought 2 scrolls of immolation for 144 gold pieces
 27711 | Snake:2  | Bought a potion of haste for 120 gold pieces
 27711 | Snake:2  | Bought a potion of mutation for 96 gold pieces
 27711 | Snake:2  | Bought a potion of invisibility for 96 gold pieces
 27719 | Snake:2  | Bought a runed scarf for 256 gold pieces
 27719 | Snake:2  | Bought an encrusted leather armour for 224 gold pieces
 27719 | Snake:2  | Identified the +0 leather armour of Boatighu {Contam rC+
                  | Dex+4 SInv} (You bought it in a shop on level 2 of the
                  | Snake Pit)
 27721 | Snake:2  | Bought a tattered robe for 182 gold pieces
 27721 | Snake:2  | Identified the +1 robe of Fedhas's Whim {Rampage rN++ Str+4
                  | Int-5} (You bought it in a shop on level 2 of the Snake
                  | Pit)
 28215 | Snake:3  | Reached ****** piety under Hepliaklqana
 28216 | Snake:3  | Noticed Roxanne
 28229 | Snake:3  | Noticed Vashnia
 28368 | Snake:3  | Killed Vashnia
 28561 | Snake:3  | Found Qebuschot's CLEARANCE SALE!.
 28564 | Snake:3  | Bought a scroll of fog for 8 gold pieces
 28564 | Snake:3  | Bought a potion of ambrosia for 16 gold pieces
 28654 | Snake:3  | Killed Roxanne
 29181 | Snake:3  | Found a shimmering altar of Xom.
 29200 | Snake:4  | Entered Level 4 of the Snake Pit
 29200 | Snake:4  | Found Fiqeat's Self-Improvement Boutique.
 29513 | Snake:4  | Reached XP level 18. HP: 107/125 MP: 0/0
 29520 | Snake:4  | Found Wixurid's Magic Scroll Shoppe.
 29876 | Snake:4  | Identified the +0 hand axe "Koden" {freeze, rPois rF+
                  | Str-5}
 30116 | Snake:4  | Found Woely's Tremendous Tomes.
 30718 | Snake:4  | Identified the +5 shortbow of the Asp {flame, Will+}
 30967 | Snake:4  | Got a serpentine rune of Zot
 31166 | Shoals:1 | Entered Level 1 of the Shoals
 31401 | Shoals:1 | You are sucked into a shaft and drop 1 floor!
 31516 | Shoals:1 | Reached XP level 19. HP: 125/130 MP: 0/0
 31516 | Shoals:1 | Learned a level 6 spell: Statue Form
 31633 | Shoals:1 | Acquired a manual of Translocations
 32683 | Shoals:2 | Noticed Polyphemus
 32695 | Shoals:2 | Killed Polyphemus
 33174 | Shoals:3 | Noticed Mlioglotl
 33190 | Shoals:3 | Killed Mlioglotl
 33890 | Snake:4  | Bought a manual of Dodging for 1040 gold pieces
 34317 | Shoals:4 | Entered Level 4 of the Shoals
 34562 | Shoals:4 | Identified the +3 ring mail of Pantheism {rN+++ Str+6
                  | Int-4}
 34824 | Shoals:4 | Reached XP level 20. HP: 96/137 MP: 0/0
 35204 | Shoals:4 | Reached skill level 15 in Translocations
 35341 | Shoals:4 | Got a barnacled rune of Zot
 36010 | Elf:1    | Entered Level 1 of the Elven Halls
 36198 | Elf:1    | Found Buakuam's Book Shoppe.
 36315 | Elf:1    | Found Woham's Assorted Antiques.
 36383 | Elf:1    | Noticed Asterion
 36389 | Elf:1    | Killed Asterion
 37003 | Elf:2    | Identified the +2 trident "Grim Tooth" {protect, Int+3}
 37271 | Elf:2    | Found Gouli's Antique Weapon Emporium.
 37432 | Elf:2    | Found a huge runed translucent gate.
 37432 | Elf:2    | Found a huge runed translucent gate.
 37432 | Elf:2    | Found a huge runed translucent gate.
 37435 | Elf:2    | Found a huge runed translucent gate.
 37436 | Elf:2    | Found a huge runed translucent gate.
 37608 | Elf:2    | Reached skill level 15 in Dodging
 37809 | Elf:2    | Noticed Zenata
 37869 | Elf:2    | Killed Zenata
 38035 | Elf:2    | Reached XP level 21. HP: 90/144 MP: 0/0
 38035 | Elf:2    | Learned a level 7 spell: Ozocubu's Refrigeration
 38623 | Elf:3    | Entered Level 3 of the Elven Halls
 38830 | Elf:3    | Found Memipawu's Magic Scroll Shoppe.
 38833 | Elf:3    | Found a runed translucent door.
 38838 | Elf:3    | Noticed Vorhees's ghost (veteran GrFi)
 39075 | Elf:3    | Found a hide-covered altar of Uskayaw.
 39244 | Elf:3    | Identified the +1 quarterstaff "Muisucas" {antimagic, rC++
                  | rN+}
 39456 | Elf:3    | Identified the staff of conjuration "Piaga" {rN+ rCorr
                  | Int-5 Stlth+}
 39644 | Elf:3    | Reached skill level 15 in Spellcasting
 39644 | Elf:3    | Reached skill level 15 in Conjurations
 39644 | Elf:3    | Reached skill level 15 in Hexes
 39644 | Elf:3    | Reached skill level 15 in Summonings
 39644 | Elf:3    | Reached skill level 15 in Necromancy
 39644 | Elf:3    | Reached skill level 15 in Transmutations
 39644 | Elf:3    | Reached skill level 15 in Fire Magic
 39644 | Elf:3    | Reached skill level 15 in Ice Magic
 39644 | Elf:3    | Reached skill level 15 in Air Magic
 39644 | Elf:3    | Reached skill level 15 in Earth Magic
 39644 | Elf:3    | Reached skill level 15 in Poison Magic
 39961 | Elf:3    | Identified the +3 scale mail "Otos" {*Corrode Will- Str+4
                  | Int+5}
 40000 | Elf:3    | Identified the staff of earth "Bestrat" {rF+}
 40027 | Elf:3    | Found the ring of the Hare {EV+10}
 40094 | Elf:3    | Identified the staff of fire "Xatie" {rF+ rC+}
 40100 | Elf:3    | Found the +10 morningstar "Eos" {elec, Halo rElec}
 40110 | Elf:3    | Identified the staff of poison "Vapu Fynt" {*Slow rPois
                  | rCorr Dex+6}
 40121 | Elf:3    | Identified the +12 whip "Vuriept" {venom, MP+9 Str+2}
 40384 | Elf:3    | Killed Vorhees's ghost
 40716 | Vaults:1 | Entered Level 1 of the Vaults
 40716 | Vaults:1 | Found Jojorue's Antique Weapon Boutique.
 40750 | Vaults:1 | Found a large runed translucent door.
 40750 | Vaults:1 | Found a large runed translucent door.
 40750 | Vaults:1 | Noticed Wiath's ghost (adept DrBr)
 40906 | Vaults:1 | Noticed Nikola
 40915 | Vaults:1 | Killed Nikola
 40994 | Vaults:1 | Reached XP level 22. HP: 119/152 MP: 0/0
 42066 | Vaults:1 | Killed Wiath's ghost
 42298 | Vaults:2 | Found Aguzac's Book Boutique.
 42300 | Vaults:2 | Reached skill level 5 in Armour
 42628 | Vaults:2 | Found a staircase to the Crypt.
 43036 | Vaults:2 | Reached XP level 23. HP: 124/158 MP: 0/0
 43036 | Vaults:2 | Learned a level 7 spell: Orb of Destruction
 44341 | Vaults:3 | Found Urache's Book Boutique.
 45225 | Vaults:4 | Found a crumbling gateway.
 45265 | Desolati | Entered the Desolation of Salt
 45472 | Desolati | Identified the +1 trident of Contradiction {heavy, rN++
                  | rCorr Str-2 Dex+3}
 45524 | Desolati | Found the +10 zealot's sword {holy, Zealotry, *Rage rN+
                  | EV+3}
 45750 | Desolati | Identified the +6 dagger of Springtime {venom, rElec Str+2}
 45757 | Desolati | Identified the +0 chain mail "Piulel" {rElec rCorr Int-5
                  | Dex-4}
 45885 | Desolati | Identified the staff of cold "Cexkaur" {rPois rC+ rN+++
                  | Int-3}
 46541 | Vaults:4 | Reached XP level 24. HP: 93/165 MP: 0/0
 46607 | Vaults:4 | Found a portal to a secret trove of treasure.
 46931 | Vaults:4 | Found Xigotet's Book Shoppe.
 46979 | Vaults:4 | Identified the +3 mace of the Living Dead {elec, rElec rN+
                  | Will+}
 47765 | Orc:2    | Bought the amulet of Xipt {Acrobat rF+ rN+ rCorr Str-3} for
                  | 760 gold pieces
 47967 | Slime:1  | Entered Level 1 of the Pits of Slime
 48596 | Slime:5  | Entered Level 5 of the Pits of Slime
 48836 | Slime:5  | Gained mutation: You sometimes lose your temper in combat.
                  | [a shining eye]
 48842 | Slime:5  | Noticed the Royal Jelly
 48849 | Slime:5  | Killed the Royal Jelly
 49162 | Slime:5  | Found the ring of Shadows {Umbra +Inv Stlth+}
 49188 | Slime:5  | Identified the staff of conjuration "Jurygiz" {rPois rN+
                  | rCorr Str-2}
 49211 | Slime:5  | Identified the staff of conjuration "Ciha Put" {Dex+3}
 49222 | Slime:5  | Got a slimy rune of Zot
 49742 | Depths:1 | Entered Level 1 of the Depths
 50106 | Depths:1 | Found a gateway to Hell.
 50417 | Depths:1 | Lost mutation: You sometimes lose your temper in combat.
                  | [potion of mutation]
 50417 | Depths:1 | Gained mutation: Your mind is acute. (Int +4, Str/Dex -1)
                  | [potion of mutation]
 50417 | Depths:1 | Gained mutation: You have sharp fingernails. [potion of
                  | mutation]
 50443 | Depths:1 | Reached XP level 25. HP: 161/173 MP: 0/0
 50443 | Depths:1 | Learned a level 8 spell: Maxwell's Capacitive Coupling
 51494 | Depths:2 | Reached skill level 15 in Invocations
 51536 | Depths:2 | Reached skill level 15 in Evocations
 51757 | Depths:2 | Identified the amulet of Qiuziag {rC++ Regen+}
 51778 | Depths:2 | Found a one-way gate to the infinite horrors of the Abyss.
 51941 | Depths:2 | Found a one-way gate leading to the halls of Pandemonium.
 52257 | Depths:3 | Identified the +0 spear of Ashenzari's Hatred {flame, rF+}
 52591 | Depths:3 | Noticed Mennas
 52600 | Depths:3 | Killed Mennas
 52880 | Depths:3 | Identified the +0 falchion of Termination {freeze, rPois
                  | rC+ Will++ Dex-3}
 52988 | Depths:3 | Identified the amulet of the Moon {Reflect rF+ rCorr Int-2
                  | SH+5}
 53650 | Depths:4 | Entered Level 4 of the Depths
 54587 | Depths:4 | Reached XP level 26. HP: 170/180 MP: 0/0
 54804 | Depths:4 | Found a one-way gateway to a ziggurat.
 55142 | Depths:4 | Found Iluol's Distillery.
 55167 | Depths:4 | Bought a potion of enlightenment for 105 gold pieces
 55167 | Depths:4 | Bought a potion of brilliance for 84 gold pieces
 55167 | Depths:4 | Bought a potion of curing for 63 gold pieces
 55167 | Depths:4 | Bought a potion of curing for 63 gold pieces
 55213 | Depths:4 | Found a gate to the Realm of Zot.
 55874 | Elf:3    | Bought a scroll of teleportation for 60 gold pieces
 55874 | Elf:3    | Bought a scroll of enchant weapon for 150 gold pieces
 55874 | Elf:3    | Bought a scroll of blinking for 150 gold pieces
 55874 | Elf:3    | Bought a scroll of identify for 40 gold pieces
 55874 | Elf:3    | Bought a scroll of immolation for 80 gold pieces
 55951 | Elf:1    | Bought a scroll of teleportation for 96 gold pieces
 55951 | Elf:1    | Bought a wand of mindburst (5) for 224 gold pieces
 55951 | Elf:1    | Bought a wand of charming (6) for 460 gold pieces
 56153 | Snake:2  | Bought a potion of curing for 36 gold pieces
 56153 | Snake:2  | Bought a potion of curing for 36 gold pieces
 56153 | Snake:2  | Bought a potion of curing for 36 gold pieces
 56153 | Snake:2  | Bought a potion of brilliance for 48 gold pieces
 56516 | Zot:1    | Entered Level 1 of the Realm of Zot
 56822 | Zot:1    | Noticed a curse toe
 56828 | Zot:1    | Killed a curse toe
 57694 | Zot:2    | Reached XP level 27. HP: 104/184 MP: 0/0
 57694 | Zot:2    | Learned a level 9 spell: Shatter
 58205 | Zot:2    | Noticed a Killer Klown
 58209 | Zot:2    | Killed a Killer Klown
 58220 | Zot:2    | Noticed a Killer Klown
 58223 | Zot:2    | Killed a Killer Klown
 58245 | Zot:2    | Noticed an orb of fire
 58254 | Zot:2    | Killed an orb of fire
 59189 | Vaults:4 | You paid a toll of a +5 demon whip to enter a treasure
                  | trove
 59190 | Trove    | Entered a treasure trove
 59200 | Trove    | Identified the amulet "Raodiff" {rC+ Regen+ rCorr}
 59214 | Trove    | Identified the ring of Ureilad {Wiz rF+ rC+ Slay+5}
 59218 | Trove    | Identified the ring of the Grey Skies {Will+ Int+2}
 59221 | Trove    | Identified the amulet "Raqinas" {rElec Regen+ Int+2 Stlth+}
 60318 | Zot:3    | Found a burning altar of Makhleb.
 60473 | Zot:3    | Noticed Parghit
 60482 | Zot:3    | Killed Parghit
 60831 | Zot:3    | Noticed Vv
 60837 | Zot:3    | Killed Vv
 62406 | Snake:4  | Bought a manual of Stealth for 1040 gold pieces
 62975 | Zot:5    | Entered Level 5 of the Realm of Zot
 63163 | Zot:5    | Noticed an orb of fire
 63167 | Zot:5    | Killed an orb of fire
 63168 | Zot:5    | Noticed an orb of fire
 63169 | Zot:5    | Killed an orb of fire
 63170 | Zot:5    | Reached skill level 5 in Stealth
 63170 | Zot:5    | Noticed an orb of fire
 63173 | Zot:5    | Noticed an orb of fire
 63176 | Zot:5    | Killed an orb of fire
 63180 | Zot:5    | Killed an orb of fire
 63278 | Zot:5    | Identified the +2 robe "Todghaot" {Archmagi}
 63302 | Zot:5    | Noticed a Killer Klown
 63306 | Zot:5    | Killed a Killer Klown
 63309 | Zot:5    | Noticed an ancient lich
 63319 | Zot:5    | Killed an ancient lich
 63323 | Zot:5    | Noticed a Killer Klown
 63329 | Zot:5    | Killed a Killer Klown
 63630 | Zot:5    | Noticed an ancient lich
 63634 | Zot:5    | Killed an ancient lich
 63820 | Zot:5    | Noticed a dread lich
 63829 | Zot:5    | Killed a dread lich
 63889 | Zot:5    | Noticed an orb of fire
 63894 | Zot:5    | Killed an orb of fire
 63941 | Zot:5    | Got the Orb of Zot
 63978 | Zot:5    | Noticed an ancient lich
 63982 | Zot:5    | Killed an ancient lich
 64024 | Zot:4    | Noticed Odghumn the pandemonium lord
 64030 | Zot:4    | Killed Odghumn the pandemonium lord
 64184 | Depths:3 | Noticed Gicodes the pandemonium lord
 64582 | D:$      | Escaped with the Orb!

Illustrated notes

Levels and vault maps discovered:
D:1:      dpeg_cavernosity, layout_rooms, hellmonk_ecumenical_altar_slurped_away
D:2:      layout_rooms, basic_altar, chequers_serial_rivers_micro_b
D:3:      layout_rooms, worldfamousw_hep_ancestral_shrine, uniq_natasha,
          uniq_ijyb
D:4:      layout_gridville, uniq_blork_the_orc, uniq_pikel
D:5:      layout_loops_ring, minmay_temple_entry_junction,
          uniq_crazy_yiuf_cottage, uniq_grinder, uniq_duvessa
D:6:      layout_rooms, grunt_temple_overflow_forces_of_nature,
          mainiacjoe_overflow_alcove_4, vehumet_crystals, okawaru_trees_2,
          serial_curves, eino_curves_04, eino_curves_02, uniq_prince_ribbit1,
          uniq_menkaure
D:7:      layout_loops_corners
D:8:      layout_rooms, gammafunk_ghost_split, nicolae_transporter_circle
D:9:      layout_grid_maze, mainiacjoe_overflow_alcove_1
D:10:     layout_roguey, dpeg_oklobed_lair, orc_0_dummy, serial_shops,
          nicolae_diamond_shop, nicolae_letterblocks [nicolae_letter_subblock,
          nicolae_letter_subblock, nicolae_letter_subblock,
          nicolae_letter_subblock, nicolae_letter_subblock,
          nicolae_letter_subblock, nicolae_letter_subblock,
          nicolae_letter_subblock, nicolae_letter_subblock,
          nicolae_letter_subblock, nicolae_letter_subblock,
          nicolae_letter_subblock, nicolae_letter_subblock,
          nicolae_letter_subblock, nicolae_letter_subblock,
          nicolae_letter_subblock, nicolae_letter_subblock,
          nicolae_letter_subblock, nicolae_letter_subblock,
          nicolae_letter_subblock, nicolae_letter_subblock,
          nicolae_letter_subblock, nicolae_letter_subblock,
          nicolae_letter_subblock, nicolae_letter_subblock]
D:11:     layout_layer_cave
D:12:     layout_loops_cross, serial_shops, nicolae_shop_bloodbath_and_beyond,
          portal_ice_cave_entry_pillars_1, elves_outpost_lemuel, uniq_gastronok,
          uniq_josephine, uniq_kirke
D:13:     layout_stronghold, xom_teletrap_fun
D:14:     layout_basic, grunt_vaults_entry_fortified,
          chequers_serial_rivers_micro_a, minmay_beelzebubs_servants
D:15:     hangedman_depths_entry_try_elsewhere_first, layout_long_grid,
          ashenzari_altar_1, serial_shops,
          nicolae_shop_temple_entry_statues_fountains
Temple:   nicolae_temple_no_exploring_needed
Lair:1:   lemuel_ratsnest, layout_loops_ring, serial_bayou_pond_e,
          minmay_stone_trees_medium, grunt_megastairs_3
Lair:2:   layout_gridlike, minmay_snake_entry_spellcaster, serial_bayou_shore_a
Lair:3:   layout_loops_ring, minmay_shoals_entry_lonely_mermaid,
          chequers_serial_rivers_small_b, lemuel_fruit_tree, uniq_urug,
          uniq_snorg
Lair:4:   nzn_winding_woodlands_small [nzn_winding_woodlands_5x15_pockets,
          nzn_winding_woodlands_center_pierced_h,
          nzn_winding_woodlands_5x15_jagged], layout_layer_cave, worms_lemuel,
          infiniplex_staircase_pool_2
Lair:5:   minmay_lair_end_enchanted_forest, layout_big_grid, slime_entry_1,
          minivault_25, grunt_megastairs_1
Shoals:1: layout_shoals
Shoals:2: layout_shoals, nicolae_shoals_lost_giant_hut, uniq_polyphemus
Shoals:3: layout_shoals, centaur_isle, uniq_mlioglotl
Shoals:4: shoals_end_grunt_ice, layout_shoals, nicolae_shoals_seven_spires,
          nicolae_shoals_circle_sea_wall, nicolae_shoals_hunting_party
Snake:1:  layout_layer_cave, nicolae_snake_gridmaze_waves, st_stairs_11,
          uniq_donald, uniq_aizul
Snake:2:  layout_basic, minmay_shoptagon, serial_bayou_shore_b
Snake:3:  layout_basic, basic_altar, serial_bayou_lagoon_a,
          nicolae_shop_clearance, uniq_roxanne, uniq_vashnia
Snake:4:  grunt_snake_rune_pools, layout_chambers, drop_trap,
          minmay_shop_grid_forest, nicolae_shop_i_like_big_books,
          nicolae_shop_self_help
Slime:1:  layout_caves
Slime:2:  layout_caves, cheibrodos_slime_lost_civilization_7
Slime:3:  layout_caves, basic_altar
Slime:4:  layout_caves
Slime:5
Orc:1:    layout_diamond_mine
Orc:2:    st_orc_mages, layout_diamond_mine, basic_altar
Elf:1:    minmay_elf_arrival_summoners, layout_loops_cross, serial_shops,
          nicolae_shop_behind_doors, shop, hangedman_elf_represent,
          uniq_asterion
Elf:2:    elven_hall_of_blades_hangedman_alternative [grunt_blade_entry_basic],
          layout_loops_cross, serial_shops, nicolae_square_shop,
          feat_on_display, uniq_zenata
Elf:3:    minmay_elf_hall_hex, layout_geoelf_castle, serial_corexii_hall,
          chequers_hall_statues_wall_a, chequers_hall_statues_corner_a,
          ebering_ghost_reflecting_pool, serial_shops, shop,
          nicolae_elf_altarnating
Vaults:1: advil_vaults_ghost_guards, nicolae_vaults_more_shelving_2,
          nicolae_vaults_asterisk, nicolae_vaults_octagons,
          nicolae_vaults_little_squares_5, v_misc_22, v_misc_24,
          nicolae_vaults_closet_pinwheel_1, v_misc_26, vaults_mumra_hex,
          serial_ice_g, hangedman_vaults_trim, nicolae_vaults_shrinking_rooms_1,
          layout_vaults_maze_snakey, serial_shops, shop, uniq_nikola
Vaults:2: minmay_crypt_entry_nasty_monster, hangedman_vaults_river_flow,
          nicolae_vaults_security_offices_4, v_misc_3,
          nicolae_vaults_twisting_passages, v_misc_8, v_misc_9, v_misc_24,
          v_misc_14, grunt_vaults_focal, nicolae_vaults_closet_pinwheel_4,
          vaults_room_corners, nicolae_vaults_little_squares_5,
          nicolae_vaults_variable_pillar_hall, nicolae_vaults_specimen_jars,
          layout_vaults_big_cross, serial_shops, shop
Vaults:3: nicolae_vaults_ellipses_ellipsis, nicolae_vaults_more_shelving_1,
          ontoclasm_vaults_gallery, nicolae_vaults_lightning_bolt,
          nicolae_vaults_apartment_1, nicolae_vaults_double_plus_1,
          nicolae_vaults_double_plus_1, nicolae_vaults_house_3,
          vaults_dpeg_cross, layout_vaults_omnigrid, serial_shops,
          nicolae_shop_statue_plus
Vaults:4: portal_desolation_entry_salt, v_alt_pattern_3, v_alt_pattern_4,
          v_rooms_1, nicolae_vaults_little_squares_5, v_pattern_1,
          nicolae_vaults_meiosis, vaults_room_fancy_cross,
          vaults_dpeg_encased_lava, nicolae_vaults_oval_intersection,
          nicolae_vaults_closet_pinwheel_3, dpeg_vaults_monster_box,
          nicolae_vaults_layer_cake_slice, layout_vaults_omnibox, serial_shops,
          nicolae_book_shop_shelving, nicolae_trove_entry_free_sample
Depths:1: kennysheep_blocky_hall, layout_basic, serial_glass, glass_columns_b,
          glass_columns_c, item_on_display_a, hell_entry, skrybe_limestone_x,
          nrook_mini_backslash, due_unseen_surprise
Depths:2: radiant_caverns_a_rkd, abyss_entry, pan_entry, hell_entry
Depths:3: minmay_the_grid_four_pointed_star_mashed
          [minmay_the_grid_triangle_9x9_windchime,
          minmay_the_grid_triangle_9x9_swiss_cheese,
          minmay_the_grid_triangle_9x9_minimal,
          minmay_the_grid_triangle_9x9_stretched_checkered,
          minmay_the_grid_prize_four_corners], layout_cave_shapes,
          kennysheep_flooded_box, abyss_entry, hell_entry,
          hangedman_decor_lopped, infiniplex_staircase_trident, uniq_mennas
Depths:4: grunt_twist_and_shout, layout_gridlike, enter_ziggurat_a, hell_entry,
          serial_shops, shop
Zot:1:    layout_cellular_growth, grunt_megastairs_2
Zot:2:    kennysheep_ambush_hall, layout_basic
Zot:3:    nicolae_zot_draconian_monastery, layout_gridlike, uniq_vv,
          uniq_parghit, uniq_josephina
Zot:4:    kennysheep_blocky_room, layout_gridlike
Zot:5:    layout_misc_corridors

Skill      XL: |  1  2  3  4  5  6  7  8  9 10 11 12 13 14 15 16 17 18 19 20 21 22 23 24 25 26 27 |
---------------+----------------------------------------------------------------------------------+-----
Stealth        | 1 2 3 9 |  9.0
Spellcasting   | 3 4 5 6 7 8 9 10 11 12 14 15 16 17 18 | 18.9
Conjurations   | 3 4 5 6 7 8 9 10 11 12 14 15 16 17 18 | 18.9
Hexes          | 3 4 5 6 7 8 9 10 11 12 14 15 16 17 18 | 18.9
Summonings     | 3 4 5 6 7 8 9 10 11 12 14 15 16 17 18 | 18.9
Necromancy     | 3 4 5 6 7 8 9 10 11 12 14 15 16 17 18 | 18.9
Translocations | 3 4 5 6 7 8 9 10 11 12 14 15 17 18 19 20 21 23 | 23.0
Transmutations | 3 4 5 6 7 8 9 10 11 12 14 15 16 17 18 | 18.9
Fire Magic     | 3 4 5 6 7 8 9 10 11 12 14 15 16 17 18 | 18.9
Ice Magic      | 3 4 5 6 7 8 9 10 11 12 14 15 16 17 18 | 18.9
Air Magic      | 3 4 5 6 7 8 9 10 11 12 14 15 16 17 18 | 18.9
Earth Magic    | 3 4 5 6 7 8 9 10 11 12 14 15 16 17 18 | 18.9
Poison Magic   | 3 4 5 6 7 8 9 10 11 12 14 15 16 17 18 | 18.9
Fighting       | 3 5 7 9 10 12 13 14 16 17 18 19 20 | 20.8
Throwing       | 2 3 |  3.0
Evocations     | 2 3 5 6 8 9 10 12 13 14 15 16 17 | 17.1
Dodging        | 4 5 6 8 9 10 11 12 13 15 17 19 20 | 20.0
Invocations    | 1 6 8 9 10 12 14 15 18 23 | 23.1
Short Blades   | 3 4 6 7 9 11 13 14 | 14.0
Armour         | 4 6 8 |  8.0
Shields        | 2 5 6 8 |  8.0

Action                     |  1- 3 |  4- 6 |  7- 9 | 10-12 | 13-15 | 16-18 | 19-21 | 22-24 | 25-27 || total
---------------------------+-------+-------+-------+-------+-------+-------+-------+-------+-------++-------
  Melee: Short sword       |    93 |    11 |       |       |       |       |       |       |       ||   104
         Whip              |       |    33 |    36 |    64 |     6 |       |       |       |       ||   139
         Punch             |       |     1 |     1 |     2 |     5 |       |       |       |       ||     9
         Unarmed           |       |       |     2 |       |       |       |       |       |       ||     2
         Dagger            |       |       |       |   263 |   255 |     4 |       |       |       ||   522
         Mace              |       |       |       |     7 |       |       |       |       |       ||     7
         Quick blade       |       |       |       |       |  1461 |  2068 |  1673 |    59 |       ||  5261
         Long sword        |       |       |       |       |    29 |       |       |       |       ||    29
         Staff             |       |       |       |       |       |       |    15 |    30 |     8 ||    53
   Fire: Sling             |       |    53 |   110 |    40 |       |       |       |       |       ||   203
  Throw: Boomerang         |    43 |    32 |    25 |     3 |     1 |       |       |       |       ||   104
         Dart              |       |     2 |    17 |    47 |    32 |    34 |       |       |       ||   132
         Javelin           |       |       |       |     7 |       |       |       |       |       ||     7
   Cast: Kiss of Death     |     1 |     2 |     1 |     1 |       |       |       |       |       ||     5
         Momentum Strike   |       |     5 |    20 |    10 |     2 |       |       |       |       ||    37
         Blink             |       |     1 |     1 |     3 |       |       |       |       |       ||     5
         Teleport Other    |       |     1 |       |       |       |       |       |       |       ||     1
         Ozocubu's Armour  |       |       |     4 |    12 |    18 |     4 |       |       |       ||    38
         Animate Dead      |       |       |     2 |    14 |    20 |    15 |     8 |       |       ||    59
         Manifold Assault  |       |       |       |   151 |   465 |   477 |   382 |    18 |       ||  1493
         Irradiate         |       |       |       |       |     1 |     7 |    19 |    22 |    36 ||    85
         Starburst         |       |       |       |       |       |    16 |    32 |    91 |   134 ||   273
         Silence           |       |       |       |       |       |     2 |     3 |       |       ||     5
         Death Channel     |       |       |       |       |       |     3 |    17 |       |       ||    20
         Statue Form       |       |       |       |       |       |       |     5 |       |       ||     5
         Ozocubu's Refrige |       |       |       |       |       |       |    57 |   280 |   359 ||   696
         Orb of Destructio |       |       |       |       |       |       |       |    18 |    97 ||   115
         Maxwell's Capacit |       |       |       |       |       |       |       |       |    44 ||    44
 Invoke: Ancestor Identity |       |       |     1 |       |       |       |       |       |       ||     1
         Recall Ancestor   |       |       |     2 |     3 |     5 |     5 |     1 |     3 |     1 ||    20
         Ancestor Life: Ba |       |       |     1 |       |       |       |       |       |       ||     1
         Idealise          |       |       |       |     3 |     6 |     4 |     4 |     2 |     8 ||    27
Ability: End Transformatio |       |       |       |       |       |       |     3 |       |       ||     3
  Evoke: Wand              |       |       |       |    14 |    11 |    17 |    16 |     1 |     9 ||    68
         Lightning rod     |       |       |       |       |     2 |     4 |       |       |       ||     6
         Box of beasts     |       |       |       |       |       |     2 |     3 |       |     1 ||     6
         Tin of tremorston |       |       |       |       |       |       |     1 |     6 |     6 ||    13
         Phial of floods   |       |       |       |       |       |       |     2 |       |       ||     2
         Phantom mirror    |       |       |       |       |       |       |     1 |       |     1 ||     2
    Use: Scroll            |     2 |     4 |     1 |    11 |    14 |     9 |     8 |    10 |    11 ||    70
         Potion            |       |     1 |     3 |     1 |     1 |       |    10 |     3 |    15 ||    34
   Stab: Sleeping          |     3 |     2 |       |     1 |     2 |     5 |     1 |       |       ||    14
         Distracted        |       |       |       |     1 |     3 |     8 |     6 |       |     1 ||    19
         Invisible         |       |       |       |       |       |       |     3 |       |       ||     3
 Armour: Leather armour    |    13 |       |       |       |       |       |       |       |       ||    13
         Robe              |     3 |    12 |     8 |    20 |    28 |       |       |       |       ||    71
         Troll leather arm |       |       |       |       |    69 |    80 |    53 |    17 |    32 ||   251
         Skin              |       |       |       |       |       |       |     6 |       |    11 ||    17
  Dodge: Dodged            |    44 |    35 |    24 |    63 |   159 |   144 |   131 |   112 |   177 ||   889
  Block: Buckler           |       |       |       |       |     8 |   106 |   105 |    44 |    46 ||   309
         Reflection        |       |       |       |       |       |    15 |    19 |    23 |       ||    57

Table legend: (Time is in decaauts)
 A = Elapsed time spent in this place.
 B = Non-inter-level travel time spent in this place.
 C = Inter-level travel time spent in this place.
 D = Time resting spent in this place.
 E = Time spent auto-exploring this place.
 F = Levels seen in this place.
 G = Mean time per level.
                   A        B        C        D        E       F      G
               +--------+--------+--------+--------+--------+-----+--------+
         Total |  64277 |  53670 |  10607 |   8268 |  26297 |  55 | 1168.7 |
       Dungeon |  18593 |  14503 |   4090 |   2085 |   6638 |  15 | 1239.5 |
        Temple |      1 |      1 |      0 |      0 |      0 |   1 |    1.0 |
          Lair |   8765 |   7480 |   1285 |   1692 |   3562 |   5 | 1753.0 |
        Shoals |   4329 |   3975 |    354 |    409 |   1947 |   4 | 1082.2 |
     Snake Pit |   5350 |   4877 |    473 |    606 |   2831 |   4 | 1337.5 |
    Slime Pits |   1654 |   1434 |    220 |    464 |    366 |   5 |  330.8 |
  Orcish Mines |   2359 |   1458 |    901 |    202 |    547 |   2 | 1179.5 |
   Elven Halls |   4394 |   3940 |    454 |    662 |   1822 |   3 | 1464.7 |
        Vaults |   6536 |   5475 |   1061 |    365 |   3814 |   4 | 1634.0 |
        Depths |   5321 |   4216 |   1105 |    653 |   2185 |   4 | 1330.2 |
           Zot |   5535 |   4875 |    660 |    785 |   2379 |   5 | 1107.0 |
         Trove |     50 |     50 |      0 |      0 |      0 |   1 |   50.0 |
      Ice Cave |    535 |    535 |      0 |    104 |      5 |   1 |  535.0 |
    Desolation |    847 |    847 |      0 |    239 |    201 |   1 |  847.0 |
               +--------+--------+--------+--------+--------+-----+--------+

Top non-repeatable levels by time:
  Lair:4: 2353 daAuts
  Lair:1: 2236 daAuts
    D:11: 2014 daAuts
   Elf:3: 1883 daAuts
 Snake:4: 1809 daAuts
Vaults:2: 1802 daAuts
 Snake:1: 1661 daAuts
Vaults:3: 1641 daAuts
    D:12: 1635 daAuts
    D:14: 1624 daAuts
   Orc:2: 1593 daAuts
Vaults:4: 1577 daAuts
  Lair:5: 1558 daAuts
    D:10: 1554 daAuts
Vaults:1: 1514 daAuts
